 Dungeon Crawl Stone Soup version 0.17-a0-1636-g3119f2b (console) character file.

550 Monkaria the Magician (level 7, 0/36 HPs)
             Began as a Deep Elf Conjurer on Aug 6, 2015.
             Slain by an adder zombie (1 damage)
             ... in an ossuary.
             The game lasted 00:09:49 (4562 turns).

Monkaria the Magician (Deep Elf Conjurer)           Turns: 4562, Time: 00:09:49

Health: 0/36       AC:  4    Str:  7    XL:     7   Next: 7%
Magic:  0/19       EV: 12    Int: 27    God:
Gold:   253        SH:  0    Dex: 13    Spells: 3 memorised, 13 levels left

rFire  . . .     SeeInvis .     (no weapon)
rCold  . . .     Clarity  .     a - +0 robe
rNeg   . . .     SustAt   .     (no shield)
rPois  .         Gourm    .     (no helmet)
rElec  .         Spirit   .     p - +0 cloak
rCorr  .         Warding  .     j - +0 pair of gloves
rMut   .         Stasis   .     (no boots)
MR     .....                    (no amulet)
Stlth  ++........               (no ring)
                                (no ring)

@: brilliant, not resistant to hostile enchantments, unstealthy
A: clumsy 1, strong 1, MP-powered wands
a: no special abilities


You were in an ossuary.
You were hungry.

You visited 1 branch of the dungeon, and saw 4 of its levels.
You also visited: Ossuary.

You collected 253 gold pieces.

Inventory:

Missiles
 d - 19 poisoned needles
 k - 5 needles of sleeping
Armour
 a - a +0 robe (worn)
 j - a +0 pair of gloves (worn)
 p - a +0 cloak (worn)
Scrolls
 g - a scroll of remove curse
 r - a scroll of immolation {unknown}
 t - a scroll of enchant weapon {unknown}
 u - a scroll of teleportation {unknown}
Potions
 h - a potion of might {unknown}
 n - a potion of lignification {unknown}
 o - 2 potions of curing
 s - a potion of flight
Books
 b - a book of Conjurations

   Spells                             Type                      Level
   a - Magic Dart                     Conjuration                  1
   b - Searing Ray                    Conjuration                  2
   c - Dazzling Spray                 Conjuration/Hexes            3
   d - Fulminant Prism                Conjuration/Hexes            4
   e - Iskenderun's Mystic Blast      Conjuration                  4
   f - Iskenderun's Battlesphere      Conjuration/Charms           5
Comestibles
 c - 4 bread rations
 i - 2 beef jerkies
 l - 3 meat rations
 q - 2 fruits


   Skills:
 - Level 2.4 Dodging
 - Level 2.4 Stealth
 - Level 7.4 Spellcasting
 + Level 7.4 Conjurations


You had 13 spell levels left.
You knew the following spells:

 Your Spells              Type           Power        Failure   Level  Hunger
a - Magic Dart            Conj           ####         1%          1    None
b - Searing Ray           Conj           ######       1%          2    None
c - Iskenderun's Mystic   Conj           ######..     1%          4    ##.....


Dungeon Overview and Level Annotations

Branches:
Dungeon (4/15)
 Temple: D:4-7

Altars:
Ashenzari
Elyvilon
Sif Muna
Xom

Annotations:
Ossuary Tyryt0's ghost, experienced FoFi


Innate Abilities, Weirdness & Mutations

You are clumsy. (Dex -2)
Your muscles are strong. (Str +2)
You expend magic power (3 MP) to strengthen your wands.


Message History

2 zombies come into view.
Casting: Iskenderun's Mystic Blast
Confirm with . or Enter, or press ? or * to list all spells.
Aiming: Iskenderun's Mystic Blast
Press: ? - help, Shift-Dir - straight line, f/p - Tyryt0's ghost
Aim: Tyryt0's ghost (severely damaged)
The orb of energy hits Tyryt0's ghost.
Tyryt0's ghost is severely damaged.
The orb of energy explodes!
Tyryt0's ghost hits you!
Casting: Iskenderun's Mystic Blast
Confirm with . or Enter, or press ? or * to list all spells.
Aiming: Iskenderun's Mystic Blast
Press: ? - help, Shift-Dir - straight line, f/p - Tyryt0's ghost
Aim: Tyryt0's ghost (severely damaged)
The orb of energy hits Tyryt0's ghost.
Tyryt0's ghost is almost destroyed.
Tyryt0's ghost hits you!
* * * LOW HITPOINT WARNING * * *
The adder zombie bites you.
You die...

#####
#..∩#
#.@.#
#.WZ#
##≈##
Z.≈
#'#.≈
#.
.#.
#≈
#≈≈#
≈# #
≈ ≈


You could see Tyryt0's ghost and 2 adder zombies.

Vanquished Creatures
  Menkaure (D:4)
  An ogre (D:4)
  Blork the orc (D:4)
  2 bog bodies (Ossuary)
  A mummy (D:4)
  6 gnolls
  3 adders
  An ooze (D:1)
  2 adder skeletons (D:4)
  3 worms
  2 giant geckos
  2 orcs (D:3)
  3 ball pythons (D:3)
  10 hobgoblins
  14 jackals
  6 kobolds (D:1)
  2 quokkas (D:3)
  7 bats
  5 giant cockroaches
  A giant gecko skeleton (D:4)
  2 giant newts
  8 goblins
  A kobold zombie (D:4)
  10 rats
94 creatures vanquished.

Vanquished Creatures (others)
  2 plants (Ossuary)
2 creatures vanquished.

Grand Total: 96 creatures vanquished

Notes
Turn   | Place    | Note
--------------------------------------------------------------
     0 | D:1      | Monkaria the Deep Elf Conjurer began the quest for the Orb.
     0 | D:1      | Reached XP level 1. HP: 10/10 MP: 6/6
   386 | D:1      | Reached XP level 2. HP: 15/15 MP: 2/8
   431 | D:1      | Reached skill level 5 in Conjurations
  1052 | D:1      | Reached XP level 3. HP: 19/19 MP: 2/9
  1808 | D:2      | Reached skill level 6 in Conjurations
  1860 | D:2      | Found a deep blue altar of Sif Muna.
  1979 | D:2      | Found a shimmering altar of Xom.
  1985 | D:2      | Reached XP level 4. HP: 7/24 MP: 6/10
  2210 | D:1      | Learned a level 2 spell: Searing Ray
  2358 | D:1      | Gained mutation: Your muscles are strong. (Str +2) [potion of mutation]
  2358 | D:1      | Gained mutation: You expend magic power (3 MP) to strengthen your wands. [potion of mutation]
  2358 | D:1      | Gained mutation: You are clumsy. (Dex -2) [potion of mutation]
  2765 | D:2      | HP: 1/24 [gnoll/dagger of chaos (18)]
  3069 | D:3      | Learned a level 4 spell: Iskenderun's Mystic Blast
  3121 | D:3      | Reached XP level 5. HP: 28/28 MP: 8/11
  3140 | D:3      | Reached skill level 7 in Conjurations
  3379 | D:3      | Found a shattered altar of Ashenzari.
  3571 | D:3      | Found a white marble altar of Elyvilon.
  4280 | D:4      | Noticed an ogre
  4286 | D:4      | Killed an ogre
  4286 | D:4      | Reached skill level 5 in Spellcasting
  4286 | D:4      | Reached XP level 6. HP: 32/32 MP: 7/16
  4470 | D:4      | Noticed Menkaure
  4478 | D:4      | Killed Menkaure
  4487 | D:4      | Noticed Blork the orc
  4493 | D:4      | Killed Blork the orc
  4533 | D:4      | Found a sand-covered staircase.
  4540 | Ossuary  | Entered an ossuary
  4543 | Ossuary  | Noticed Tyryt0's ghost (experienced FoFi)
  4545 | Ossuary  | Reached XP level 7. HP: 27/36 MP: 9/19
  4562 | Ossuary  | HP: 1/36 [Tyryt0's ghost (10)]
  4562 | Ossuary  | Slain by an adder zombie

Vault maps used:
D:1:      dpeg_arrival_prison
D:2:      lemuel_blue_sif_altar, tgw_xom, serial_glass, glass_columns_a,
          glass_columns_a, eino_tiny_chamber, minmay_splitting_lines,
          minmay_crystal_room
D:3:      old_standard_altar, elyvilon_altar_1
D:4:      nicolae_ossuary_entry_giza, first_bread, serial_forest,
          infiniplex_forest_straight_4, infiniplex_forest_clump_small,
          infiniplex_forest_straight_3, infiniplex_forest_lined_3,
          infiniplex_forest_clump_large, infiniplex_forest_split,
          infiniplex_forest_clump_small, infiniplex_forest_zigzag_1,
          infiniplex_forest_clump_curved, amethyst_killhole,
          minmay_misc_feat_cross, uniq_blork_the_orc, uniq_menkaure
Ossuary:  ossuary_zaba_flooded

Action                   |  1- 3 |  4- 6 |  7- 9 || total
-------------------------+-------+-------+-------++-------
Melee: Unarmed           |    33 |     7 |       ||    40
 Cast: Magic Dart        |    90 |    84 |       ||   174
       Searing Ray       |       |    13 |     2 ||    15
       Iskenderun's Myst |       |       |     5 ||     5
  Use: Scroll            |       |     9 |       ||     9
       Potion            |       |     4 |     5 ||     9
  Eat: Chunk             |     3 |     8 |       ||    11
